 Dungeon Crawl Stone Soup version 0.31-a0-102-g33a4ccc0cb (webtiles) character file.

Game seed: 11157679325463774371

2301 porpoise the Skirmisher (level 9, -3/57 HPs)
             Began as a Kobold Hunter on May 26, 2023.
             Slain by Duvessa
             ... wielding a +1 rapier of distortion
              (5 damage)
             ... on level 7 of the Dungeon.
             The game lasted 00:21:50 (7080 turns).

porpoise the Skirmisher (Kobold Hunter)             Turns: 7080, Time: 00:21:50

Health: -3/57      AC: 10    Str:  9    XL:     9   Next: 67%
Magic:  9/9        EV: 14    Int: 10    God:
Gold:   46         SH:  0    Dex: 28    Spells: 8/8 levels left

rFire   + . .        b - +2 dagger (venom)
rCold   + . .        (no shield)
rNeg    . . .        t - +3 ring mail
rPois   .            u - +1 hat
rElec   .            l - scarf {rC+ rF+}
rCorr   .            g - +0 pair of gloves
SInv    +            (no boots)
Will    .....        (no amulet)
Stlth   +++++        m - ring of see invisible
HPRegen 0.29/turn    c - +6 ring of dexterity
MPRegen 0.11/turn

%: no passive effects
@: about to teleport
A: small, no large weapons, nightstalker 3, horns 1
a: no special abilities


You were on level 7 of the Dungeon.
You visited 2 branches of the dungeon, and saw 8 of its levels.

You collected 298 gold pieces.
You spent 252 gold pieces at shops.

Inventory:

Hand Weapons
 a - a +1 shortbow
 b - a +2 dagger of venom (weapon)
Missiles
 p - 27 poisoned darts
 x - a throwing net
 A - 6 boomerangs
Armour
 g - a +0 pair of gloves (worn)
 l - a scarf of resistance (worn)
 t - a +3 ring mail (worn)
 u - a +1 hat (worn)
 E - the +0 ring mail of the Old and Reckless {Str+4}
   (You found it on level 6 of the Dungeon)

   Str:       It affects your strength (+4).
Magical Staves
 B - a staff of cold
Jewellery
 c - a +6 ring of dexterity (right hand)
 m - a ring of see invisible (left hand)
 n - a ring of protection from fire
Wands
 e - a wand of roots (6)
 H - a wand of paralysis (4)
 I - a wand of flame (11)
 J - a wand of acid (4)
Scrolls
 d - a scroll of magic mapping
 f - 2 scrolls of poison
 j - a scroll of fear {unknown}
 k - 2 scrolls of immolation
 r - a scroll of teleportation
 y - a scroll of enchant weapon
 C - a scroll of noise {unknown}
 D - a scroll of silence {unknown}
 G - a scroll of enchant armour {unknown}
Potions
 h - a potion of attraction
 i - 3 potions of enlightenment
 s - 2 potions of cancellation
 v - a potion of curing
 F - a potion of lignification {unknown}


   Skills:
 - Level 7.0 Fighting
 + Level 0.0 Short Blades
 * Level 12.4 Ranged Weapons
 - Level 2.4 Dodging
 + Level 8.8 Stealth


You had 8 spell levels left.
You didn't know any spells.
Your spell library was empty.

Dungeon Overview and Level Annotations

Branches:
Dungeon (7/15)             Temple (1/1) D:4

Altars:
Ashenzari
Cheibriados
Dithmenos
Elyvilon
Fedhas
Gozag
Kikubaaqudgha
Makhleb
Ru
Trog
Uskayaw
Xom
Zin
The Shining One

Shops:
D:3 :?   D:7 **

Annotations:
D:7 Dowan, Duvessa


Innate Abilities, Weirdness & Mutations

You are small and have problems with some larger weapons.
You are completely attuned to the shadows.
You have a pair of small horns on your head.


Message History

The arrow hits Duvessa but does no damage.
Duvessa is lightly wounded.
Duvessa hits you with a +1 rapier of distortion.
Space warps around you.
Dowan points at you and mumbles some strange words.
The puff of flame hits you. You resist.
Your +2 dagger of venom begins to drip with poison!
b - a +2 dagger of venom (weapon)
Duvessa hits you with a +1 rapier of distortion.
You are too injured to fight recklessly!
Okay, then.
You feel better. Duvessa hits you but does no damage. Space warps around you.
Dowan closely misses you.
You feel better.
Duvessa hits you with a +1 rapier of distortion!
Space warps around you.
* * * LOW HITPOINT WARNING * * *
Dowan barely misses you.
Duvessa hits you with a +1 rapier of distortion.
* * * LOW HITPOINT WARNING * * *
Space warps around you.
* * * LOW HITPOINT WARNING * * *
You hit Duvessa but do no damage. Your headbutt misses Duvessa.
Duvessa hits you but does no damage.
You blink.
Found 6 poisoned darts.
Dowan casts a spell at you. The puff of flame hits you. You resist.
* * * LOW HITPOINT WARNING * * *
As you open the door, it creaks loudly!
You hear a shout!
Duvessa says, "Where magic fails, the sword succeeds!"
There is an open door here.
You close the door.
Duvessa breaks down the door.
As you read the scroll of teleportation, it crumbles to dust.
You feel strangely unstable. Duvessa misses you.
Found a clear potion and 15 gold pieces.
Duvessa closely misses you. Duvessa misses you.
Duvessa attacks as you move away!
Duvessa hits you with a +1 rapier of distortion.
* * * LOW HITPOINT WARNING * * *
Space warps around you.
You die...

............###.≈.≈.
###.....###.....≈.≈.≈≈≈
#####_#####....e≈......
###.....###....e§≈≈≈.≈≈
....................(..
### .#######+##..# ..#
#...##e#### .<#.....#
#....e....# ..#.....#
#!..@.....# ..#.....+
#...####+## ..#.....#
#$.. ###.....## ##.#
#####....# #.
....'.#####
....#'#...#+
#####....... #
#.........


You could see Duvessa (fast) and Dowan.

Vanquished Creatures
  Menkaure (D:7)
  2 water moccasins
  An ice beast (D:7)
  A black bear (D:6)
  An ogre (D:7)
  A phantom (D:4)
  Blork the orc (D:4)
  5 scorpions
  A gnoll sergeant (D:4)
  5 killer bees (D:7)
  5 howler monkeys
  Crazy Yiuf (D:5)
  4 hounds
  3 jellies
  A gnoll bouda (D:7)
  Natasha (thrice) (D:2)
  5 iguanas
  Ijyb (D:4)
  Robin (D:3)
  8 gnolls
  6 adders
  3 shadow imps
  2 white imps
  4 dart slugs
  7 orcs
  7 ball pythons
  6 endoplasms
  3 giant cockroaches
  12 goblins
  9 hobgoblins
  11 jackals
  3 quokkas
  5 bats
  8 frilled lizards
  9 kobolds
  8 rats
154 creatures vanquished.

Notes
Turn   | Place    | Note
-------+----------+-------------------------------------------
     0 | D:1      | porpoise the Kobold Hunter began the quest for the Orb.
     0 | D:1      | Reached XP level 1. HP: 12/12 MP: 1/1
   147 | D:1      | Reached XP level 2. HP: 18/18 MP: 2/2
  1351 | D:1      | Reached XP level 3. HP: 21/22 MP: 3/3
  1495 | D:2      | Reached skill level 6 in Ranged Weapons
  1648 | D:2      | Reached XP level 4. HP: 27/27 MP: 4/4
  1784 | D:2      | Noticed Natasha
  1788 | D:2      | Killed Natasha
  2139 | D:2      | Noticed Natasha
  2143 | D:2      | Killed Natasha
  2144 | D:2      | Reached XP level 5. HP: 32/32 MP: 5/5
  2157 | D:2      | Noticed Natasha
  2160 | D:2      | Killed Natasha
  2161 | D:2      | Reached skill level 7 in Ranged Weapons
  2248 | D:3      | Noticed Robin
  2251 | D:3      | Killed Robin
  2539 | D:3      | Found Ysizxue's Vocational Training.
  2562 | D:3      | Reached XP level 6. HP: 37/37 MP: 6/6
  2571 | D:3      | Found a bloodstained altar of Trog.
  2652 | D:3      | Found Icaum's Magic Scroll Boutique.
  2657 | D:3      | Bought a scroll of identify for 24 gold pieces
  2661 | D:3      | Bought a scroll of identify for 24 gold pieces
  2674 | D:3      | Found a blossoming altar of Fedhas.
  3025 | D:4      | Found a sacrificial altar of Ru.
  3091 | D:4      | Found a staircase to the Ecumenical Temple.
  3097 | Temple   | Entered the Ecumenical Temple
  3258 | D:4      | Noticed Blork the orc
  3262 | D:4      | Killed Blork the orc
  3385 | D:4      | Found a hide-covered altar of Uskayaw.
  3400 | D:4      | Reached skill level 8 in Ranged Weapons
  3451 | D:4      | Reached XP level 7. HP: 43/43 MP: 7/7
  3512 | D:4      | Found a shimmering altar of Xom.
  3632 | D:4      | Reached skill level 5 in Stealth
  4157 | D:4      | Noticed Ijyb
  4171 | D:4      | Killed Ijyb
  4172 | D:4      | Reached skill level 9 in Ranged Weapons
  4520 | D:5      | Entered Level 5 of the Dungeon
  4600 | D:5      | Found a runed translucent door.
  4603 | D:5      | Noticed Crazy Yiuf
  4611 | D:5      | Killed Crazy Yiuf
  4704 | D:5      | Upgraded the game from 0.31-a0-95-g6fa058ef04 to
                  | 0.31-a0-102-g33a4ccc0cb
  4709 | D:5      | Reached XP level 8. HP: 48/48 MP: 8/8
  4721 | D:5      | Reached skill level 5 in Fighting
  5122 | D:5      | Reached skill level 10 in Ranged Weapons
  5516 | D:6      | Identified the +0 ring mail of the Old and Reckless {Str+4}
  5772 | D:6      | Reached skill level 11 in Ranged Weapons
  5772 | D:6      | Reached XP level 9. HP: 47/55 MP: 9/9
  6399 | D:7      | Noticed Menkaure
  6404 | D:7      | Killed Menkaure
  6603 | D:7      | Found Wiow's Assorted Antiques.
  6616 | D:7      | Bought a crooked wooden wand for 68 gold pieces
  6616 | D:7      | Bought a shiny brass wand for 68 gold pieces
  6616 | D:7      | Bought a curved silver wand for 68 gold pieces
  6617 | D:7      | Found Qyukosa's General Store.
  6623 | D:7      | Reached skill level 12 in Ranged Weapons
  6854 | D:7      | Found a shadowy altar of Dithmenos.
  6865 | D:7      | Found a burning altar of Makhleb.
  7030 | D:7      | Found a broken altar of Ashenzari.
  7052 | D:7      | Noticed Dowan
  7053 | D:7      | Noticed Duvessa
  7054 | D:7      | Gained mutation: You are weak. (Str -2) [potion of
                  | mutation]
  7054 | D:7      | Lost mutation: You are weak. (Str -2) [potion of mutation]
  7054 | D:7      | Gained mutation: You have a pair of small horns on your
                  | head. [potion of mutation]
  7080 | D:7      | HP: 2/57 [Duvessa/+1 rapier of distortion (5)]
  7080 | D:7      | Slain by Duvessa

Illustrated notes

Levels and vault maps discovered:
D:1:      minmay_arrival_open_corners, layout_basic, serial_forest,
          infiniplex_forest_straight_4, infiniplex_forest_lined_room_2,
          infiniplex_forest_end_3, infiniplex_forest_lined_room_2,
          infiniplex_forest_clump_medium, infiniplex_forest_clump_curved,
          infiniplex_forest_corner_1, chequers_serial_rivers_large_a
D:2:      layout_loops_ring, serial_bayou_pond_e, uniq_natasha
D:3:      layout_rooms, mainiacjoe_overflow_small_starburst,
          mainiacjoe_overflow_alcove_2, serial_shops, shop,
          nicolae_shop_vocational, uniq_robin
D:4:      layout_basic, eat_drink_and_be_merry_uskayaw,
          nicolae_ru_path_of_blood, tgw_xom, minmay_temple_entry_hall,
          lightli_minifort, uniq_ijyb, uniq_blork_the_orc
D:5:      layout_rooms, uniq_crazy_yiuf_cottage
D:6:      layout_loops_ring
D:7:      nicolae_cairo_tiling_very_big, layout_gridville, kennysheep_mini_moat,
          lemuel_crystal_altar, grunt_dithmenos_smoke,
          nemelex_xobeh_ov_fountains_minmay,
          mainiacjoe_overflow_concentric_impassable,
          kennysheep_okawaru_gauntlet, cheibrodos_ashenzari_chains,
          gammafunk_ghost_grave, grunt_ministairs_1,
          nicolae_shop_national_dungeon_mall, minmay_holes, uniq_duvessa,
          uniq_menkaure
Temple:   hellmonk_temple_flake

Skill      XL: |  1  2  3  4  5  6  7  8  9 |
---------------+----------------------------+-----
Stealth        | 2 3 4 5 7 8 |  8.8
Ranged Weapons | 6 7 8 9 11 12 | 12.4
Fighting       | 3 4 6 7 |  7.0
Dodging        | |  2.4

Action                     |  1- 3 |  4- 6 |  7- 9 || total
---------------------------+-------+-------+-------++-------
  Melee: Dagger            |       |    11 |    52 ||    63
         Punch             |       |       |     2 ||     2
   Fire: Shortbow          |   207 |   128 |   240 ||   575
    Use: Scroll            |       |     6 |     6 ||    12
         Potion            |       |       |     9 ||     9
   Stab: Sleeping          |       |     5 |     8 ||    13
         Invisible         |       |       |     3 ||     3
 Armour: Leather armour    |    14 |    11 |       ||    25
         Ring mail         |       |    10 |    71 ||    81
  Dodge: Dodged            |    48 |    36 |   133 ||   217

Table legend: (Time is in decaauts)
 A = Elapsed time spent in this place.
 B = Non-inter-level travel time spent in this place.
 C = Inter-level travel time spent in this place.
 D = Time resting spent in this place.
 E = Time spent auto-exploring this place.
 F = Levels seen in this place.
 G = Mean time per level.
                   A        B        C        D        E       F      G
               +--------+--------+--------+--------+--------+-----+--------+
         Total |   7147 |   6942 |    205 |   1497 |   4238 |   8 |  893.4 |
       Dungeon |   6991 |   6796 |    195 |   1497 |   4099 |   7 |  998.7 |
        Temple |    155 |    145 |     10 |      0 |    139 |   1 |  155.0 |
               +--------+--------+--------+--------+--------+-----+--------+

Top non-repeatable levels by time:
     D:4: 1486 daAuts
     D:1: 1416 daAuts
     D:6: 943 daAuts
     D:5: 862 daAuts
     D:2: 834 daAuts
     D:7: 750 daAuts
     D:3: 698 daAuts
  Temple: 155 daAuts
